 Dungeon Crawl Stone Soup version 0.31-a0-208-gdb31a4691d (webtiles) character file.

Game seed: 6998017807994887129

91 erloom the Digger (level 4, -3/24 HPs)
             Began as a Gargoyle Earth Elementalist on June 28, 2023.
             Killed from afar by Robin (12 damage)
             ... with a puff of flame
             ... on level 3 of the Dungeon.
             The game lasted 00:05:12 (2002 turns).

erloom the Digger (Gargoyle Earth Elementalist)     Turns: 2002, Time: 00:05:13

Health: -3/24      AC:  7    Str: 11    XL:     4   Next: 57%
Magic:  4/8        EV: 11    Int: 18    God:
Gold:   72         SH:  0    Dex: 10    Spells: 2/8 levels left

rFire   . . .        e - +0 short sword
rCold   . . .        (no shield)
rNeg    + . .        a - +0 robe
rPois   ∞            (no helmet)
rElec   +            i - +0 cloak
rCorr   .            k - +0 pair of gloves
SInv    .            (no boots)
Will    .....        (no amulet)
Stlth   ++           (no ring)
HPRegen 0.24/turn    (no ring)
MPRegen 0.11/turn

%: no passive effects
@: no status effects
A: sickness immunity, AC +3, negative energy resistance 1, electricity
resistance, torment resistance 1, petrification resistance
a: no special abilities


You were on level 3 of the Dungeon.
You visited 1 branch of the dungeon, and saw 3 of its levels.

You collected 72 gold pieces.

Inventory:

Hand Weapons
 e - a +0 short sword (weapon)
Armour
 a - a +0 robe (worn)
 i - a +0 cloak (worn)
 k - a +0 pair of gloves (worn)
Jewellery
 h - an amulet of faith
Scrolls
 c - 2 scrolls of teleportation {unknown}
 d - a scroll of immolation {unknown}
 l - a scroll of torment {unknown}
 n - 2 scrolls of identify {unknown}
 o - a scroll of blinking {unknown}
Potions
 b - a potion of magic
 f - a potion of resistance {unknown}
 g - a potion of degeneration {unknown}
 j - a potion of heal wounds {unknown}
 m - 2 potions of curing {unknown}


   Skills:
 - Level 1.5 Dodging
 - Level 2.1 Stealth
 + Level 2.8 Spellcasting
 + Level 1.9 Transmutations
 + Level 4.9 Earth Magic


You had 2 spell levels left.
You knew the following spells:

 Your Spells              Type           Power      Damage    Failure   Level
a - Sandblast             Erth           40%        2d10      2%          1
b - Passwall              Tmut/Erth      11%        N/A       6%          2
c - Stone Arrow           Conj/Erth      22%        3d8       19%         3

Your spell library contained the following spells:

 Spells                   Type           Power      Damage    Failure   Level
 Apportation              Tloc           4%         N/A       17%         1
 Petrify                  Tmut/Erth      14%        N/A       38%         4
 Call Canine Familiar     Summ           2%         N/A       45%         3
 Ozocubu's Armour         Ice            2%         N/A       45%         3
 Portal Projectile        Hex/Tloc       4%         N/A       45%         3
 Volatile Blastmotes      Fire/Tloc      4%         2d10      45%         3
 Leda's Liquefaction      Hex/Erth       5%         N/A       52%         4
 Dispersal                Tloc           1%         N/A       100%        6
 Ozocubu's Refrigeration  Ice            1%         4d7       100%        7


Dungeon Overview and Level Annotations

Branches:
Dungeon (3/15)

Altars:
Elyvilon

Annotations:
D:3 Robin


Innate Abilities, Weirdness & Mutations

You are immune to sickness and miasma.
Your stone body is resilient. (AC +3)
You are immune to poison.
You resist negative energy. (rN+)
You are resistant to electric shocks. (rElec)
You are resistant to unholy torment.
You are immune to petrification.


Message History

The blast of sand hits the goblin!
You kill the goblin!
Robin throws the goblin at you! The goblin barely misses you.
A goblin comes into view. It is wielding a +0 dagger.
Casting: Sandblast (safe; 2% risk of failure)
Confirm with . or Enter, or press ? or * to list all spells.
Aiming: Sandblast (safe; 2% risk of failure)
Press: ? - help, Shift-Dir - straight line, f - goblin
Aim: a goblin, wielding a +0 dagger (79% to hit)
The blast of sand hits the goblin!
You kill the goblin!
Robin zaps a wand.
The puff of flame hits you!
Casting: Sandblast (safe; 2% risk of failure)
Confirm with . or Enter, or press ? or * to list all spells.
Aiming: Sandblast (safe; 2% risk of failure)
Press: ? - help, Shift-Dir - straight line, f - Robin
Aim: Robin, wielding a +7 club, wearing a +0 animal skin, wearing a +0 helmet and carrying a wand of flame (14) (87% to hit)
The blast of sand hits Robin.
Robin is moderately wounded.
Robin zaps a wand.
The puff of flame hits you.
A hobgoblin comes into view.
A goblin comes into view. It is wielding a +0 club.
Robin attacks as you move away! Robin hits you but does no damage.
Robin roars a battlecry!
The goblins go into a battle-frenzy!
You hear a shout!
Things that are here:
a +0 dagger; a goblin corpse Robin throws the goblin at you!
The goblin shouts!
You hit the goblin.
You kill the goblin!
Robin zaps a wand.
The puff of flame hits you.
* * * LOW HITPOINT WARNING * * *
Robin roars a battlecry!
Things that are here:
a +0 club; a goblin corpse Robin zaps a wand.
The puff of flame hits you!
Ouch! That really hurt!
You die...

. #. #.#####
......#########
...†...@....g.#..
####..#######g#.# #..#
#)#.# #..# #.#.#
##########[.# #g#.#
.........#.<# #g#.##
########.#..#######gg..####
##...............)..#
#.....#######....##.#


You could see Robin and a hobgoblin (strong).

Vanquished Creatures
  2 adders (D:2)
  3 dart slugs
  3 bats
  8 endoplasms
  2 giant cockroaches
  6 goblins
  5 hobgoblins
  8 jackals
  A quokka (D:1)
  4 ball pythons
  4 frilled lizards (D:1)
  8 kobolds
  4 rats
58 creatures vanquished.

Notes
Turn   | Place    | Note
-------+----------+-------------------------------------------
     0 | D:1      | erloom the Gargoyle Earth Elementalist began the quest for
                  | the Orb.
     0 | D:1      | Reached XP level 1. HP: 10/10 MP: 3/3
    75 | D:1      | Reached skill level 1 in Transmutations
   136 | D:1      | Reached XP level 2. HP: 12/15 MP: 0/5
   222 | D:1      | Reached skill level 4 in Earth Magic
   285 | D:1      | Got the Handbook of Wanderlust
   570 | D:1      | Found a faded altar of an unknown god.
   577 | D:1      | Reached XP level 3. HP: 19/19 MP: 2/6
  1206 | D:2      | Found a white marble altar of Elyvilon.
  1367 | D:2      | Reached XP level 4. HP: 24/24 MP: 3/7
  1466 | D:2      | Learned a level 2 spell: Passwall
  1921 | D:3      | Learned a level 3 spell: Stone Arrow
  1975 | D:3      | Noticed Robin
  2002 | D:3      | Killed from afar by Robin

Illustrated notes

Levels and vault maps discovered:
D:1:      moated_graveyard_arrival, layout_basic,
          hellmonk_ecumenical_altar_leap_of_faith
D:2:      layout_rooms, basic_altar
D:3:      layout_loops_ring, gammafunk_ghost_grave, minmay_misc_feat_tiny,
          uniq_robin, uniq_ijyb

Skill      XL: |  1  2 |
---------------+-------+-----
Transmutations | 1 |  1.9
Earth Magic    | 4 |  4.9
Dodging        | |  1.5
Stealth        | |  2.1
Spellcasting   | |  2.8

Action                     |  1- 3 |  4- 6 || total
---------------------------+-------+-------++-------
  Melee: Unarmed           |    13 |       ||    13
         Short sword       |       |     1 ||     1
   Cast: Sandblast         |    55 |    31 ||    86
         Passwall          |       |     1 ||     1
 Armour: Robe              |    15 |     4 ||    19
  Dodge: Dodged            |    31 |     9 ||    40

Table legend: (Time is in decaauts)
 A = Elapsed time spent in this place.
 B = Non-inter-level travel time spent in this place.
 C = Inter-level travel time spent in this place.
 D = Time resting spent in this place.
 E = Time spent auto-exploring this place.
 F = Levels seen in this place.
 G = Mean time per level.
                   A        B        C        D        E       F      G
               +--------+--------+--------+--------+--------+-----+--------+
         Total |   2044 |   2000 |     44 |     54 |   1543 |   3 |  681.3 |
       Dungeon |   2044 |   2000 |     44 |     54 |   1543 |   3 |  681.3 |
               +--------+--------+--------+--------+--------+-----+--------+

Top non-repeatable levels by time:
     D:1: 1203 daAuts
     D:2: 713 daAuts
     D:3: 126 daAuts
